 Dungeon Crawl Stone Soup version 0.32-a0-705-g60f233581c (webtiles) character file.

Game seed: 13784855466130404873

1456 Malificent the Firebug (level 8, -3/50 (51) HPs)
             Began as an Octopode Fire Elementalist on Mar 14, 2024.
             Slain by a wight
             ... wielding a +2 scimitar
              (17 damage)
             ... on level 6 of the Dungeon.
             The game lasted 00:29:11 (5864 turns).

Malificent the Firebug (Octopode Fire Elementalist) Turns: 5864, Time: 00:29:11

HP:   -3/50 (51)    AC:  3    Str:  6    XL:     8   Next: 76%
MP:   7/17          EV: 13    Int: 17    God:
Gold: 205           SH:  0    Dex: 18    Spells: 11/19 levels left

rFire   . . .        j - +8 war axe of Ragnarok {heavy, rElec rC+}
rCold   + . .        (no shield)
rNeg    . . .        (helmet restricted)
rPois   .            (no amulet)
rElec   +            b - ring of wizardry
rCorr   .            (no ring)
SInv    .            (no ring)
Will    .....        (no ring)
Stlth   ++++         (no ring)
HPRegen 0.28/turn    (no ring)
MPRegen 0.15/turn    (no ring)
                     (no ring)

%: wizardry (x1)
@: lightly drained
A: almost no armour, amphibious, 8 rings, camouflage 1, gelatinous body 1,
(nimble swimmer 1), tentacles, iridescent scales 1, agile 1, robust 1
a: no special abilities


You were on level 6 of the Dungeon.
You visited 1 branch of the dungeon, and saw 6 of its levels.
You also visited: Sewer.

You collected 205 gold pieces.

Inventory:

Hand Weapons
 a - a +1 spear of flaming
 f - a +2 dagger of draining
 j - the +8 war axe of Ragnarok (weapon) {heavy, rElec rC+}
   (You found it in a sewer)

   rC+:       It protects you from cold.
   rElec:     It insulates you from electricity.
Missiles
 o - 5 curare-tipped darts
 s - 4 datura-tipped darts
 t - 9 poisoned darts
 w - a throwing net
Magical Staves
 i - a staff of cold
Jewellery
 b - a ring of wizardry (left tentacle)
Wands
 p - a wand of light (11)
 v - a wand of flame (11) (quivered)
Scrolls
 c - a scroll of vulnerability {unknown}
 e - a scroll of noise {unknown}
 g - 2 scrolls of enchant weapon {unknown}
 k - a scroll of teleportation
 l - a scroll of enchant armour {unknown}
 r - 2 scrolls of amnesia {unknown}
Potions
 d - 2 potions of cancellation
 h - 2 potions of berserk rage {unknown}
 m - 2 potions of lignification {unknown}
 q - a potion of brilliance {unknown}
 u - a potion of invisibility {unknown}


   Skills:
 + Level 0.8 Fighting
 + Level 1.2(1.3) Axes
 + Level 0.8(1.2) Polearms
 + Level 0.5 Throwing
 + Level 2.6 Dodging
 + Level 3.7 Stealth
 + Level 1.0 Unarmed Combat
 * Level 6.2 Spellcasting
 * Level 3.9 Conjurations
 * Level 6.9 Fire Magic


You had 11 spell levels left.
You knew the following spells:

 Your Spells              Type           Power      Damage    Failure   Level
a - Foxfire               Conj/Fire      92%        2x1d8     1%          1
b - Magic Dart            Conj           72%        1d6       1%          1
c - Scorch                Fire           56%        2d7       1%          2
d - Flame Wave            Conj/Fire      23%        2d8       6%          4

Your spell library contained the following spells:

 Spells                   Type           Power      Damage    Failure   Level
 Searing Ray              Conj           36%        2d5       1%          2
 Momentum Strike          Conj/Tloc      22%        3d8       3%          2
 Inner Flame              Hex/Fire       17%        N/A       3%          3
 Volatile Blastmotes      Fire/Tloc      34%        2d12      3%          3
 Blink                    Tloc           10%        N/A       8%          2
 Lesser Beckoning         Tloc           10%        N/A       8%          2
 Summon Blazeheart Golem  Fire/Summ      17%        N/A       12%         4
 Fulminant Prism          Conj/Alch      5%         3d7       22%         4
 Starburst                Conj/Fire      11%        6d5       61%         6
 Plasma Beam              Fire/Air       8%         2x1d19    86%         6
 Orb of Destruction       Conj           9%         9d6       100%        7
 Spellforged Servitor     Conj/Summ      5%         N/A       100%        7


Dungeon Overview and Level Annotations

Branches:
Dungeon (6/15)              Sewer (visited)
 Temple: D:4-7

Altars:
Yredelemnul


Innate Abilities, Weirdness & Mutations

You cannot wear most types of armour.
You are amphibious.
You can wear up to eight rings at the same time.
Your skin changes colour to match your surroundings (Stealth+).
Your rubbery body absorbs attacks. (AC +1, EV +1)
((You are camouflaged when in or above water. (Stealth+)))
You have tentacles for arms and can constrict up to eight enemies at once.
You are partially covered in iridescent scales. (AC +2)
You are agile. (Dex +4, Str/Int -1)
You are robust. (+10% HP)


Message History

A wave of flame ripples out!
The flame wave engulfs the wight!
The wight is heavily damaged. (Press . to intensify the flame waves.)
The wight closely misses you.
The wight hits you from afar with a +2 halberd.
A wave of flame ripples out!
The flame wave engulfs the wight.
The wight is severely damaged.
The flame wave engulfs the wight.
The wight is moderately damaged.
The flame wave engulfs the wight.
The wight is lightly damaged.
The wight hits you with a +4 halberd!! The wight misses you.
A wave of flame ripples out!
The flame wave engulfs the wight.
The wight is heavily damaged.
The flame wave engulfs the wight.
You destroy the wight!
The flame wave engulfs the wight!
You destroy the wight!
The flame wave engulfs the wight!
The wight is heavily damaged.
You finish channelling waves of flame.
The wight barely misses you. The wight hits you with a +2 scimitar!
* * * LOW HITPOINT WARNING * * *
Unknown command.
Okay, then.
You feel better. The wight hits you with a +2 scimitar.
* * * LOW HITPOINT WARNING * * *
You feel drained. The wight hits you with a +4 falchion.
* * * LOW HITPOINT WARNING * * *
Casting: Flame Wave (dangerous; 6% risk of failure)
Confirm with . or Enter, or press ? or * to list all spells.
Casting: Flame Wave (dangerous; 6% risk of failure)
Press: ? - help, Dir - look around, f - activate A wave of flame ripples out!
The flame wave engulfs the wight.
The wight is almost destroyed.
The flame wave engulfs the wight.
The wight is almost destroyed. (Press . to intensify the flame waves.)
The wight hits you with a +2 scimitar!
You die...

.# .### ...
####..#
####.....#
#........
#...z###.##
#).@z......
#.######.##
#


You could see 2 wights.

Vanquished Creatures
  Sigmund (D:5)
  Eustachio (D:5)
  An ogre (D:5)
  A phantom (D:5)
  2 bullfrogs (Sewer)
  A gnoll sergeant (D:5)
  2 scorpions (D:5)
  2 wights (D:6)
  A sleepcap (D:5)
  A hound (D:5)
  Terence (D:2)
  2 iguanas (D:5)
  4 orc wizards
  5 gnolls (D:5)
  A river rat (D:3)
  11 adders
  A shadow imp (D:5)
  A ribbon worm (D:2)
  8 dart slugs (Sewer)
  14 orcs
  12 ball pythons
  25 endoplasms
  15 giant cockroaches
  7 hobgoblins
  9 jackals
  5 quokkas
  7 bats
  13 frilled lizards
  6 goblins
  8 kobolds
  3 rats
171 creatures vanquished.

Vanquished Creatures (others)
  110 foxfires
110 creatures vanquished.

Grand Total: 281 creatures vanquished

Notes
Turn   | Place    | Note
-------+----------+-------------------------------------------
     0 | D:1      | Malificent the Octopode Fire Elementalist began the quest
                  | for the Orb.
     0 | D:1      | Reached XP level 1. HP: 11/11 MP: 3/3
    72 | D:1      | Learned a level 1 spell: Magic Dart
   130 | D:1      | Reached XP level 2. HP: 17/17 MP: 3/5
   306 | D:1      | Found a faded altar of an unknown god.
   706 | D:1      | Learned a level 2 spell: Scorch
   963 | D:2      | Reached XP level 3. HP: 21/21 MP: 1/6
  1028 | D:2      | Reached skill level 1 in Unarmed Combat
  1343 | D:2      | Noticed Terence
  1347 | D:2      | Reached XP level 4. HP: 27/27 MP: 0/7
  1395 | D:2      | Killed Terence
  1996 | D:3      | Reached XP level 5. HP: 10/31 MP: 2/8
  2091 | D:3      | Gained mutation: You are robust. (+10% HP) [potion of
                  | mutation]
  2091 | D:3      | Gained mutation: You have hidden genetic potential. [potion
                  | of mutation]
  2452 | D:3      | Reached XP level 6. HP: 36/39 MP: 4/11
  2525 | D:3      | Found a glowing drain.
  2528 | D:3      | Gained mutation: You are partially covered in iridescent
                  | scales. (AC +2) [hidden potential]
  2531 | Sewer    | Entered a sewer
  2670 | Sewer    | Reached skill level 5 in Fire Magic
  3298 | Sewer    | Reached XP level 7. HP: 19/46 MP: 1/13
  3324 | Sewer    | Gained mutation: You are agile. (Dex +4, Str/Int -1)
                  | [hidden potential]
  3324 | Sewer    | Lost mutation: You have hidden genetic potential. [hidden
                  | potential expressed]
  3405 | Sewer    | Identified the +8 war axe of Ragnarok {heavy, rElec rC+}
  4022 | D:4      | Found a basalt altar of Yredelemnul.
  4186 | D:5      | Entered Level 5 of the Dungeon
  4674 | D:5      | Reached skill level 1 in Axes
  4674 | D:5      | Reached skill level 5 in Spellcasting
  4752 | D:5      | Reached XP level 8. HP: 51/51 MP: 8/15
  4831 | D:5      | Noticed Sigmund
  4838 | D:5      | Killed Sigmund
  4958 | D:5      | Noticed Eustachio
  4966 | D:5      | Killed Eustachio
  5357 | D:5      | Learned a level 4 spell: Flame Wave
  5864 | D:6      | Slain by a wight

Illustrated notes

Levels and vault maps discovered:
D:1:      erik_arrival_blinker_ship, layout_basic,
          hellmonk_ecumenical_altar_leap_of_faith, hex_medium
D:2:      layout_loops_cross, serial_glass, glass_columns_b, glass_columns_a,
          glass_columns_a, glass_columns_b, glass_columns_a, uniq_terence
D:3:      layout_basic, mainiacjoe_sewer_entry_somewhere_in_here_2
D:4:      layout_basic, yredelemnul_altar_generic
D:5:      layout_basic, reono_crystal_passage, uniq_sigmund, uniq_eustachio
D:6:      layout_basic, okawaru_ov_weapons_minmay,
          gammafunk_temple_overflow_wave, nicolae_qazlal_style_of_elements,
          temple_fountains, minmay_fractal_squares_5

Skill      XL: |  1  2  3  4  5  6  7  8 |
---------------+-------------------------+-----
Fire Magic     | 4 5 6 |  6.9
Unarmed Combat | 1 |  1.0
Stealth        | 3 |  3.7
Spellcasting   | 3 4 5 6 |  6.2
Conjurations   | 2 3 |  3.9
Axes           | 1 |  1.2
Fighting       | |  0.8
Polearms       | |  0.8
Throwing       | |  0.5
Dodging        | |  2.6

Action                     |  1- 3 |  4- 6 |  7- 9 || total
---------------------------+-------+-------+-------++-------
  Melee: Unarmed           |    22 |       |       ||    22
         Tentacles         |     6 |    10 |     4 ||    20
         Constrict         |     5 |    14 |     5 ||    24
         Spear             |     5 |    59 |       ||    64
         War axe           |       |       |    26 ||    26
  Throw: Dart              |       |       |    14 ||    14
   Cast: Magic Dart        |    14 |    36 |    34 ||    84
         Foxfire           |    11 |    43 |    13 ||    67
         Scorch            |    18 |    38 |    32 ||    88
         Flame Wave        |       |       |     2 ||     2
  Evoke: Wand              |       |       |     5 ||     5
    Use: Potion            |     1 |     2 |     1 ||     4
         Scroll            |       |     3 |     1 ||     4
   Stab: Sleeping          |       |     2 |     4 ||     6
 Armour: Skin              |     9 |    66 |    31 ||   106
  Dodge: Dodged            |    29 |    80 |    26 ||   135

Table legend: (Time is in decaauts)
 A = Elapsed time spent in this place.
 B = Non-inter-level travel time spent in this place.
 C = Inter-level travel time spent in this place.
 D = Time resting spent in this place.
 E = Time spent auto-exploring this place.
 F = Levels seen in this place.
 G = Mean time per level.
                   A        B        C        D        E       F      G
               +--------+--------+--------+--------+--------+-----+--------+
         Total |   5900 |   5766 |    134 |   1605 |   2604 |   7 |  842.9 |
       Dungeon |   5006 |   4872 |    134 |   1036 |   2604 |   6 |  834.3 |
         Sewer |    894 |    894 |      0 |    569 |      0 |   1 |  894.0 |
               +--------+--------+--------+--------+--------+-----+--------+

Top non-repeatable levels by time:
     D:5: 1685 daAuts
     D:2: 1254 daAuts
     D:1: 908 daAuts
   Sewer: 894 daAuts
     D:3: 732 daAuts
     D:4: 419 daAuts
     D:6: 5 daAuts
